 Dungeon Crawl Stone Soup version 0.19-a0 (webtiles) character file.

673 varam the Chucker (level 7, -1/70 HPs)
             Began as a Troll Hunter on Apr 27, 2016.
             Slain by an orc warrior
             ... wielding a +2 trident of freezing
              (11 damage)
             ... on level 5 of the Dungeon.
             The game lasted 00:13:44 (3578 turns).

varam the Chucker (Troll Hunter)                    Turns: 3578, Time: 00:13:46

Health: -1/70      AC:  5    Str: 21    XL:     7   Next: 33%
Magic:  6/6        EV: 11    Int:  7    God:    Xom [..*...]
Gold:   228        SH:  0    Dex: 12    Spells: 0 memorised, 6 levels left

rFire  . . .     SeeInvis +     a - +0 short sword
rCold  . . .     Gourm    +     b - +0 robe
rNeg   . . .     Faith    .     (no shield)
rPois  .         Spirit   .     (helmet restricted)
rElec  .         Dismiss  .     (no cloak)
rCorr  .         Reflect  .     (gloves unavailable)
SustAt .         Harm     .     (boots unavailable)
MR     .....                    q - amulet of regeneration
Stlth  ++........               F - ring of stealth
                                r - ring of see invisible

@: not resistant to hostile enchantments, unstealthy
A: unfitting armour, claws 3, fast metabolism 3, gourmand, regeneration 2,
shaggy fur 1, tough skin 2
a: Renounce Religion


You were on level 5 of the Dungeon.
You worshipped Xom.
You were a toy of Xom.
You were completely stuffed.

You visited 1 branch of the dungeon, and saw 5 of its levels.

You collected 228 gold pieces.

Inventory:

Hand Weapons
 a - a +0 short sword (weapon)
Missiles
 n - 4 tomahawks
 u - 3 javelins (quivered)
 x - a throwing net
Armour
 b - a +0 robe (worn)
Jewellery
 q - an amulet of regeneration (around neck)
 r - a ring of see invisible (left claw)
 F - a ring of stealth (right claw)
Wands
 y - a wand of iceblast (10/15)
 E - a wand of iceblast (6/15)
Scrolls
 e - 2 scrolls of immolation
 g - 2 scrolls of remove curse
 i - 2 scrolls of amnesia {unknown}
 k - 2 scrolls of enchant weapon {unknown}
 m - 3 scrolls of recharging
 o - a scroll of enchant armour {unknown}
 p - 2 scrolls of identify
 s - a scroll of fear {unknown}
 v - 2 scrolls of noise {unknown}
 w - a scroll of fog {unknown}
 B - a scroll of magic mapping {unknown}
Potions
 c - a potion of might {unknown}
 h - a potion of agility {unknown}
 l - 2 potions of haste {unknown}
 t - a potion of resistance {unknown}
 z - a potion of magic {unknown}
 A - a potion of cure mutation {unknown}
 C - a potion of ambrosia {unknown}
 D - a potion of curing {unknown}
 I - a potion of heal wounds {unknown}
Books
 H - a book of Dreams

   Spells                             Type                      Level
   a - Ensorcelled Hibernation        Hexes/Ice                    2
   b - Silence                        Hexes/Air                    5
   c - Darkness                       Hexes                        6
   d - Shadow Creatures               Summoning                    6
Comestibles
 f - 4 bread rations
 j - 2 meat rations
 G - 8 chunks of flesh


   Skills:
 + Level 4.1 Fighting
 + Level 5.5 Throwing
 + Level 4.1 Dodging
 - Level 0.4 Stealth


You had 6 spell levels left.
You didn't know any spells.

Dungeon Overview and Level Annotations

Branches:
Dungeon (5/15)
 Temple: D:4-7

Altars:
Dithmenos
Gozag
Pakellas
Xom
Yredelemnul
Zin


Innate Abilities, Weirdness & Mutations

You are too large for most types of armour.
You have claws for hands.
Your metabolism is lightning-fast.
You like to eat raw meat.
You heal very quickly.
You are covered in fur (AC +1).
You have very tough skin (AC +2).


Message History

Aim: an orc warrior, wielding a trident of freezing and wearing a plate armour (moderately wounded)
You throw a javelin.
The javelin closely misses the orc warrior.
The orc warrior hits you from afar with a trident of freezing.
The orc warrior freezes you. The orc wizard hits you with a dagger.
The orc warrior hits you from afar with a trident of freezing!!
* * * LOW HITPOINT WARNING * * *
A shower of butterflies erupts from you!
The orc warrior freezes you.
* * * LOW HITPOINT WARNING * * *
Throwing (i - inventory. (,) - cycle):
u - 4 javelins (quivered)
Press: ? - help, Shift-Dir - straight line, f/p - orc warrior
Aim: an orc warrior, wielding a trident of freezing and wearing a plate armour (moderately wounded)
You throw a javelin.
The javelin barely misses the orc warrior.
The orc wizard casts a spell.
The orc wizard seems to speed up.
The orc warrior hits you from afar with a trident of freezing!
You die...
Xom snickers!

.#.#... ....... .#
....... .. .###..# .#
.# # # .# .# ##.# .#
.# ..... .# .#
......########.#.# .#
......o@.ob(..(..# .#
%....b###.#.##.### .#
......###.#.# .# .#
#####.......# .# .#
#.....### .# ...
#....## .# ### ....
#..#.### .# .#
.....######......# ..
.##.................#


You could see an orc warrior and an orc wizard.

Vanquished Creatures
  A phantom (D:4)
  2 ogres
  The ghost of Zhenya25pyc the Shield-Bearer, an amateur GrFi (D:3)
  An orc wizard (D:5)
  A giant frog skeleton (D:4)
  2 hounds
  Natasha (D:3)
  A worker ant (D:5)
  3 gnolls (D:2)
  5 adders
  An ooze (D:1)
  An adder skeleton (D:4)
  4 worms
  3 dart slugs (D:1)
  4 giant geckos
  3 orcs (D:3)
  2 giant cockroaches
  5 goblins
  2 hobgoblins (D:3)
  15 jackals
  A quokka (D:5)
  A ball python (D:1)
  5 bats
  4 giant newts
  2 kobolds
  7 rats
78 creatures vanquished.

Notes
Turn   | Place    | Note
--------------------------------------------------------------
     0 | D:1      | varam the Troll Hunter began the quest for the Orb.
     0 | D:1      | Reached XP level 1. HP: 19/19 MP: 0/0
   194 | D:1      | Reached XP level 2. HP: 14/28 MP: 1/1
   573 | D:1      | Reached XP level 3. HP: 35/35 MP: 2/2
   693 | D:1      | Reached skill level 4 in Throwing
   852 | D:2      | Found a shimmering altar of Xom.
   864 | D:2      | Became a worshipper of Xom of Chaos
   988 | D:2      | Reached XP level 4. HP: 26/44 MP: 3/3
  1072 | D:2      | XOM: divination: detect items
  1411 | D:2      | Found a shadowy altar of Dithmenos.
  1412 | D:2      | Found a shimmering altar of Xom.
  1412 | D:2      | Found an oddly glowing altar of Pakellas.
  1414 | D:2      | Found an opulent altar of Gozag.
  1479 | D:2      | Noticed an ogre
  1480 | D:2      | XOM: potion effect (agility)
  1484 | D:2      | Killed an ogre
  1484 | D:2      | Reached XP level 5. HP: 52/52 MP: 4/4
  1673 | D:3      | Noticed Zhenya25pyc's ghost (amateur GrFi)
  1682 | D:3      | XOM: potion effect (invisibility)
  1695 | D:4      | XOM: harmless Hex miscast
  1835 | D:4      | Noticed a phantom
  1859 | D:4      | Found a glowing silver altar of Zin.
  1866 | D:4      | Killed a phantom
  1866 | D:4      | Reached XP level 6. HP: 54/61 MP: 5/5
  2062 | D:4      | XOM: mild Air miscast
  2122 | D:4      | XOM: mild Divn miscast
  2179 | D:4      | Reached skill level 5 in Throwing
  2276 | D:3      | Killed Zhenya25pyc's ghost
  2467 | D:3      | Noticed Natasha
  2479 | D:3      | Killed Natasha
  2568 | D:3      | XOM is BORED!
  2568 | D:3      | XOM: mild Trmt miscast
  2720 | D:3      | XOM: cast spell 'Necromutation'
  3172 | D:5      | Entered Level 5 of the Dungeon
  3190 | D:5      | Reached XP level 7. HP: 68/68 MP: 6/6
  3549 | D:5      | Found a basalt altar of Yredelemnul.
  3577 | D:5      | XOM: butterfly on damage
  3578 | D:5      | Slain by an orc warrior

Vault maps used:
D:1:      scummos_arrival_checkerplants
D:2:      grunt_temple_overflow_open, xom_teletrap_fun
D:3:      grunt_ministairs_9, uniq_natasha
D:4:      old_standard_altar
D:5:      grunt_temple_overflow_lords_of_destruction, nicolae_ru_path_of_blood,
          first_bread, basic_altar

Skill      XL: |  1  2  3  4  5  6  7 |
---------------+----------------------+-----
Dodging        | 2 3 4 |  4.1
Fighting       | 2 3 4 |  4.1
Throwing       | 4 5 |  5.5
Stealth        | |  0.4

Action                   |  1- 3 |  4- 6 |  7- 9 || total
-------------------------+-------+-------+-------++-------
Melee: Short sword       |   101 |   111 |    46 ||   258
Throw: Large rock        |     4 |    20 |     5 ||    29
       Javelin           |       |    27 |     7 ||    34
       Tomahawk          |       |    34 |     6 ||    40
       Throwing net      |       |     6 |       ||     6
  Use: Scroll            |       |     4 |       ||     4
 Stab: Sleeping          |     2 |       |     1 ||     3
       Invisible         |       |     3 |       ||     3
  Eat: Chunk             |    15 |    16 |     8 ||    39
Armor: Robe              |    44 |    59 |    18 ||   121
Dodge: Dodged            |    53 |    92 |    44 ||   189
